 Dungeon Crawl Stone Soup version 0.29-a0-304-gb34f9e133a (webtiles) character file.

Game seed: 14146416342121879320

1251 sanka the Insei (level 8, -9/67 HPs)
             Began as a Gnoll Monk on Mar 26, 2022.
             Was a Believer of Okawaru.
             Mangled by an orc warrior
             ... wielding a +0 halberd
              (15 damage)
             ... on level 6 of the Dungeon.
             The game lasted 00:09:53 (6326 turns).

sanka the Insei (Gnoll Monk)                        Turns: 6326, Time: 00:09:54

Health: -9/67      AC:  4    Str: 13    XL:     8   Next: 51%
Magic:  12/13      EV: 26    Int: 10    God:    Okawaru [**....]
Gold:   279        SH:  0    Dex: 14    Spells: 2/13 levels left

rFire   . . .      SeeInvis .     - Unarmed
rCold   . . .      Faith    .   (no shield)
rNeg    . . .      Spirit   .   a - +0 robe
rPois   .          Reflect  .   t - +0 helmet
rElec   .          Harm     .   (no cloak)
rCorr   .          Rampage  .   (no gloves)
Will    .....                   (no boots)
Stlth   ++++......              (no amulet)
HPRegen 0.21/turn               k - +4 ring of evasion
MPRegen 0.13/turn               d - +4 ring of evasion

@: heroic
A: fangs 1, strong nose, distributed training
a: Renounce Religion, Heroism


You were on level 6 of the Dungeon.
You worshipped Okawaru.
Okawaru was pleased with you.
You visited 2 branches of the dungeon, and saw 7 of its levels.

You collected 279 gold pieces.


Innate Abilities, Weirdness & Mutations

You have very sharp teeth.
Your uncanny sense of smell can sniff out nearby items.
Your experience applies equally to all skills.


   Skills:
 + Level 7.4(12.4) Fighting
 + Level 3.3(8.3) Short Blades
 + Level 3.3(8.3) Long Blades
 + Level 3.3(8.3) Axes
 + Level 3.3(8.3) Maces & Flails
 + Level 3.3(8.3) Polearms
 + Level 3.3(8.3) Staves
 + Level 3.3(8.3) Slings
 + Level 3.3(8.3) Bows
 + Level 3.3(8.3) Crossbows
 + Level 3.3(8.3) Throwing
 + Level 3.3(8.3) Armour
 + Level 7.4(12.4) Dodging
 + Level 5.4(10.4) Stealth
 + Level 3.3(8.3) Shields
 + Level 7.4(12.4) Unarmed Combat
 + Level 3.3 Spellcasting
 + Level 2.7 Conjurations
 + Level 2.7 Hexes
 + Level 2.7 Summonings
 + Level 2.7 Necromancy
 + Level 2.7 Translocations
 + Level 2.7 Transmutations
 + Level 2.7 Fire Magic
 + Level 2.7 Ice Magic
 + Level 2.7 Air Magic
 + Level 2.7 Earth Magic
 + Level 2.7 Poison Magic
 + Level 3.6 Invocations
 + Level 3.3 Evocations


You had 2 spell levels left.
You knew the following spells:

 Your Spells              Type           Power      Damage    Failure   Level
b - Blink                 Tloc           14%        N/A       14%         2
u - Storm Form            Tmut/Air       3%         N/A       100%        7
y - Poisonous Vapours     Pois/Air       14%        N/A       14%         2

Your spell library contained the following spells:

 Spells                   Type           Power      Damage    Failure   Level
 Sting                    Tmut/Pois      28%        1d4       9%          1
 Lesser Beckoning         Tloc           7%         N/A       26%         3
 Portal Projectile        Hex/Tloc       14%        N/A       26%         3
 Leda's Liquefaction      Hex/Erth       3%         N/A       65%         4
 Olgreb's Toxic Radiance  Pois           7%         N/A       65%         4
 Manifold Assault         Tloc           7%         N/A       94%         5
 Maxwell's Capacitive Co  Air            3%         ∞         100%        8
 Call Canine Familiar     Summ           Unusable   N/A       N/A         3
 Summon Lightning Spire   Summ/Air       Unusable   N/A       N/A         4

Inventory:

Hand Weapons
 b - a +6 spear of venom
 x - a +2 dagger of pain
Armour
 a - a +0 robe (worn)
 t - a +0 helmet (worn)
 w - a +0 kite shield
Magical Staves
 A - a staff of air
Jewellery
 d - a +4 ring of evasion (right hand)
 k - a +4 ring of evasion (left hand)
 C - a ring of poison resistance
Wands
 o - a wand of polymorph (9)
Scrolls
 c - a scroll of fog {unknown}
 e - 4 scrolls of identify {unknown}
 f - a scroll of vulnerability {unknown}
 m - a scroll of silence {unknown}
 n - a scroll of immolation {unknown}
 p - a scroll of enchant weapon {unknown}
 q - 2 scrolls of magic mapping {unknown}
 v - a scroll of teleportation {unknown}
 y - 2 scrolls of noise {unknown}
 E - 3 scrolls of fear {unknown}
 F - a scroll of enchant armour {unknown}
Potions
 g - a potion of resistance {unknown}
 h - a potion of mutation {unknown}
 i - a potion of curing {@q1}
 j - a potion of berserk rage {unknown}
 l - a potion of haste {unknown}
 r - 3 potions of brilliance {unknown}
 s - a potion of invisibility {unknown}
 u - 3 potions of ambrosia
 z - a potion of degeneration {unknown}
 B - 2 potions of flight {unknown}
 D - a potion of cancellation {unknown}

Dungeon Overview and Level Annotations

Branches:
Dungeon (6/15)             Temple (1/1) D:5

Altars:
Ashenzari
Cheibriados
Dithmenos
Elyvilon
Fedhas
Gozag
Hepliaklqana
Kikubaaqudgha
Makhleb
Nemelex Xobeh
Okawaru
Qazlal
Ru
Sif Muna
Trog
Uskayaw
Vehumet
Wu Jian
Xom
Yredelemnul
Zin
The Shining One

Shops:
D:4

* ▒.▒▒▒▒▒▒.▒
..........▒▒▒.
........▒
.▒▒▒▒▒▒.▒.....
▒▒▒▒▒▒▒.▒ ▒.▒.▒▒▒▒
▒o▒ ▒.▒.▒ ▒o▒ ▒.▒)▒
▒o▒ ▒▒▒.▒.▒▒ ▒.▒ ▒
▒▒.▒....▒▒
▒.▒▒▒▒.▒▒▒........▒
▒oog...▒▒.........▒
∆
▒▒▒▒▒▒▒▒▒▒........▒
▒▒.▒....▒▒ ▒.▒.▒▒▒▒
▒.▒.▒ ▒.▒.▒ ▒.▒.▒
▒.▒.▒ ▒▒.▒.▒▒▒▒▒▒


You could see an orc warrior and an orc priest.


Message History

You punch the orc priest, but do no damage.
Your bite misses the orc priest. The orc warrior barely misses you.
The orc priest mumbles some strange prayers to Beogh against you.
Beogh smites you!
* * * LOW HITPOINT WARNING * * *
You hit the orc priest but do no damage.
The orc priest mumbles some strange prayers to Beogh against you.
Beogh smites you!
* * * LOW HITPOINT WARNING * * *
The orc warrior hits you from afar with a +0 halberd!
* * * LOW HITPOINT WARNING * * *
It was a potion of curing.
The orc priest misses you. The orc warrior completely misses you.
The orc priest completely misses you. The orc warrior misses you.
You hit the orc priest but do no damage.
The orc priest misses you. The orc warrior closely misses you.
You closely miss the orc priest. You punch the orc priest.
The orc priest is moderately wounded.
You barely miss the orc priest.
The orc priest is moderately wounded.
The orc priest mumbles some strange prayers to Beogh against you.
Beogh smites you!
* * * LOW HITPOINT WARNING * * *
The orc warrior hits you from afar with a +0 halberd!
You die...

Action                   |  1- 3 |  4- 6 |  7- 9 || total
-------------------------+-------+-------+-------++-------
Melee: Unarmed           |   109 |   120 |   123 ||   352
       Bite              |     7 |    15 |    14 ||    36
       Punch             |     2 |     4 |    11 ||    17
       Spear             |       |    27 |    33 ||    60
Invok: Heroism           |       |       |     2 ||     2
Evoke: Wand              |       |     1 |       ||     1
  Use: Potion            |       |       |     2 ||     2
 Stab: Sleeping          |     5 |     7 |     5 ||    17
       Distracted        |     1 |       |     1 ||     2
Armor: Robe              |    12 |    18 |    12 ||    42
       Skin              |       |     2 |       ||     2
Dodge: Dodged            |    96 |   178 |   119 ||   393

Levels and vault maps discovered:
D:1:      arrival_zaba_pyramid, layout_basic, minmay_tripent
D:2:      layout_basic, grunt_decor_arrowhead, uniq_sigmund, uniq_terence
D:3:      layout_rooms, uniq_robin
D:4:      layout_rooms, nicolae_shop_sticking_my_neck_out
D:5:      layout_loops_ring, lemuel_doored_altar,
          minmay_temple_entry_large_hall, chequers_serial_rivers_small_b
D:6:      layout_loops_ring, grunt_ministairs_10
Temple:   mainiacjoe_temple_hex_bubbles

Notes
Turn   | Place    | Note
-------+----------+-------------------------------------------
     0 | D:1      | sanka the Gnoll Monk began the quest for the Orb.
     0 | D:1      | Reached XP level 1. HP: 23/23 MP: 1/1
   235 | D:1      | Reached XP level 2. HP: 29/29 MP: 2/2
   588 | D:1      | Reached XP level 3. HP: 31/35 MP: 3/3
  1209 | D:2      | Reached skill level 1 in Invocations
  1249 | D:2      | Noticed Sigmund
  1350 | D:2      | Noticed Terence
  1641 | D:2      | Reached skill level 1 in Short Blades
  1641 | D:2      | Reached skill level 1 in Long Blades
  1641 | D:2      | Reached skill level 1 in Axes
  1641 | D:2      | Reached skill level 1 in Maces & Flails
  1641 | D:2      | Reached skill level 1 in Polearms
  1641 | D:2      | Reached skill level 1 in Staves
  1641 | D:2      | Reached skill level 1 in Slings
  1641 | D:2      | Reached skill level 1 in Bows
  1641 | D:2      | Reached skill level 1 in Crossbows
  1641 | D:2      | Reached skill level 1 in Throwing
  1641 | D:2      | Reached skill level 1 in Armour
  1641 | D:2      | Reached skill level 1 in Shields
  1641 | D:2      | Reached skill level 1 in Spellcasting
  1641 | D:2      | Reached skill level 1 in Evocations
  1652 | D:2      | Reached XP level 4. HP: 38/41 MP: 5/5
  1722 | D:2      | Reached skill level 1 in Conjurations
  1722 | D:2      | Reached skill level 1 in Hexes
  1722 | D:2      | Reached skill level 1 in Summonings
  1722 | D:2      | Reached skill level 1 in Necromancy
  1722 | D:2      | Reached skill level 1 in Translocations
  1722 | D:2      | Reached skill level 1 in Transmutations
  1722 | D:2      | Reached skill level 1 in Fire Magic
  1722 | D:2      | Reached skill level 1 in Ice Magic
  1722 | D:2      | Reached skill level 1 in Air Magic
  1722 | D:2      | Reached skill level 1 in Earth Magic
  1722 | D:2      | Reached skill level 1 in Poison Magic
  1808 | D:2      | Killed Terence
  1809 | D:2      | Reached XP level 5. HP: 47/47 MP: 6/6
  2283 | D:3      | Noticed Robin
  3014 | D:3      | Noticed Robin
  3014 | D:3      | Robin changed into Robin the adder
  3018 | D:3      | Killed Robin the adder
  3299 | D:3      | Noticed a phantom
  3323 | D:3      | Killed a phantom
  3324 | D:3      | Reached skill level 2 in Invocations
  3324 | D:3      | Reached XP level 6. HP: 51/53 MP: 8/8
  3847 | D:2      | Killed Sigmund
  3848 | D:2      | Reached skill level 2 in Short Blades
  3848 | D:2      | Reached skill level 2 in Long Blades
  3848 | D:2      | Reached skill level 2 in Axes
  3848 | D:2      | Reached skill level 2 in Maces & Flails
  3848 | D:2      | Reached skill level 2 in Polearms
  3848 | D:2      | Reached skill level 2 in Staves
  3848 | D:2      | Reached skill level 2 in Slings
  3848 | D:2      | Reached skill level 2 in Bows
  3848 | D:2      | Reached skill level 2 in Crossbows
  3848 | D:2      | Reached skill level 2 in Throwing
  3848 | D:2      | Reached skill level 2 in Armour
  3848 | D:2      | Reached skill level 2 in Shields
  3848 | D:2      | Reached skill level 2 in Spellcasting
  3848 | D:2      | Reached skill level 2 in Evocations
  3983 | D:4      | Found Dooj's Neck Hole.
  4003 | D:4      | Reached XP level 7. HP: 59/59 MP: 10/10
  4179 | D:4      | Reached skill level 7 in Fighting
  4179 | D:4      | Reached skill level 7 in Dodging
  4179 | D:4      | Reached skill level 7 in Unarmed Combat
  4468 | D:4      | Reached skill level 2 in Conjurations
  4468 | D:4      | Reached skill level 2 in Hexes
  4468 | D:4      | Reached skill level 2 in Summonings
  4468 | D:4      | Reached skill level 2 in Necromancy
  4468 | D:4      | Reached skill level 2 in Translocations
  4468 | D:4      | Reached skill level 2 in Transmutations
  4468 | D:4      | Reached skill level 2 in Fire Magic
  4468 | D:4      | Reached skill level 2 in Ice Magic
  4468 | D:4      | Reached skill level 2 in Air Magic
  4468 | D:4      | Reached skill level 2 in Earth Magic
  4468 | D:4      | Reached skill level 2 in Poison Magic
  4619 | D:5      | Entered Level 5 of the Dungeon
  4782 | D:5      | Reached skill level 5 in Stealth
  4801 | D:5      | Found a staircase to the Ecumenical Temple.
  4811 | D:5      | Reached skill level 3 in Invocations
  4913 | Temple   | Entered the Ecumenical Temple
  5159 | Temple   | Became a worshipper of Warmaster Okawaru
  5159 | Temple   | Reached * piety under Okawaru
  5159 | Temple   | Reached ** piety under Okawaru
  5284 | D:5      | Reached XP level 8. HP: 53/67 MP: 12/12
  5368 | D:5      | Learned a level 2 spell: Blink
  5371 | D:5      | Learned a level 2 spell: Poisonous Vapours
  5379 | D:5      | Learned a level 7 spell: Storm Form
  5527 | D:5      | Reached skill level 3 in Short Blades
  5527 | D:5      | Reached skill level 3 in Long Blades
  5527 | D:5      | Reached skill level 3 in Axes
  5527 | D:5      | Reached skill level 3 in Maces & Flails
  5527 | D:5      | Reached skill level 3 in Polearms
  5527 | D:5      | Reached skill level 3 in Staves
  5527 | D:5      | Reached skill level 3 in Slings
  5527 | D:5      | Reached skill level 3 in Bows
  5527 | D:5      | Reached skill level 3 in Crossbows
  5527 | D:5      | Reached skill level 3 in Throwing
  5527 | D:5      | Reached skill level 3 in Armour
  5527 | D:5      | Reached skill level 3 in Shields
  5527 | D:5      | Reached skill level 3 in Spellcasting
  5527 | D:5      | Reached skill level 3 in Evocations
  5633 | D:5      | Found an ornate altar of the Wu Jian Council.
  6321 | D:6      | HP: 4/67 [orc warrior/+0 halberd (14)]
  6326 | D:6      | HP: 6/67 [orc priest/divine providence (13)]
  6326 | D:6      | Mangled by an orc warrior

Vanquished Creatures
  Sigmund (D:2)
  A water moccasin (D:5)
  An ice beast (D:5)
  A sky beast (D:6)
  3 phantoms
  2 bullfrogs
  2 scorpions
  An iguana (D:2)
  2 jellies (D:5)
  Terence (D:2)
  2 orc wizards
  4 adders
  A white imp (D:6)
  2 ufetubi (D:5)
  A worm (D:4)
  2 dart slugs (D:1)
  11 orcs
  5 endoplasms
  4 giant cockroaches
  14 goblins
  10 hobgoblins
  13 jackals
  3 quokkas
  8 ball pythons
  8 bats
  3 frilled lizards
  4 kobolds
  5 rats
115 creatures vanquished.
